 Dungeon Crawl Stone Soup version 0.17-a0-794-gbaecb48 (webtiles) character file.

697 FedoraBrony69 the Magician (level 7, 0/36 HPs)
             Began as a Deep Elf Conjurer on Apr 26, 2015.
             Was a Believer of Sif Muna.
             Slain by a phantom (9 damage)
             ... on level 5 of the Dungeon.
             The game lasted 00:10:47 (4694 turns).

FedoraBrony69 the Magician (Deep Elf Conjurer)      Turns: 4694, Time: 00:10:48

Health: 0/36       AC:  2    Str:  5    XL:     7   Next: 37%
Magic:  1/19       EV: 13    Int: 22    God:    Sif Muna [**....]
Gold:   174        SH:  0    Dex: 15    Spells: 3 memorised, 10 levels left

rFire  . . .     SeeInvis .     o - +3 dagger
rCold  . . .     Clarity  .     a - +0 robe
rNeg   . . .     SustAb   .     (no shield)
rPois  .         Gourm    .     (no helmet)
rElec  .         Spirit   .     (no cloak)
rCorr  .         Warding  .     (no gloves)
rMut   .         Stasis   .     (no boots)
MR     .....                    (no amulet)
Stlth  ++........               (no ring)
                                (no ring)

@: not resistant to hostile enchantments, unstealthy
A: no striking features
a: Channel Energy, Forget Spell, Renounce Religion


You were on level 5 of the Dungeon.
You worshipped Sif Muna.
Sif Muna was pleased with you.
You were hungry.

You visited 1 branch of the dungeon, and saw 5 of its levels.

You collected 174 gold pieces.

Inventory:

Hand weapons
 o - a +3 dagger (weapon)
Armour
 a - a +0 robe (worn)
Magical devices
 r - a wand of draining (11)
 v - a wand of disintegration (7)
Scrolls
 g - 2 scrolls of identify {unknown}
 h - 3 scrolls of remove curse
 i - a scroll of immolation
 j - a scroll of teleportation
 k - 2 scrolls of enchant weapon {unknown}
 p - a scroll of recharging {unknown}
 u - 2 scrolls of noise {unknown}
 w - a scroll of magic mapping {unknown}
 x - 2 scrolls of fear {unknown}
Potions
 d - a potion of haste {unknown}
 e - a potion of might
 l - a potion of heal wounds {unknown}
 m - a potion of curing
 n - a potion of degeneration {unknown}
 q - 2 potions of agility {unknown}
 t - a potion of cancellation {unknown}
 z - 2 potions of restore abilities {unknown}
 B - a potion of mutation {unknown}
Books
 b - a book of Conjurations

   Spells                             Type                      Level
   a - Magic Dart                     Conjuration                  1
   b - Searing Ray                    Conjuration                  2
   c - Dazzling Spray                 Conjuration/Hexes            3
   d - Fulminant Prism                Conjuration/Hexes            4
   e - Iskenderun's Mystic Blast      Conjuration                  4
   f - Iskenderun's Battlesphere      Conjuration/Charms           5
Comestibles
 c - a bread ration
 f - 2 beef jerkies
 s - 2 royal jellies


   Skills:
 - Level 2.4 Dodging
 - Level 2.4 Stealth
 + Level 7.1 Spellcasting
 + Level 6.8 Conjurations
 * Level 5.9 Charms


You had 10 spell levels left.
You knew the following spells:

 Your Spells              Type           Power        Failure   Level  Hunger
a - Magic Dart            Conj           ####         1%          1    None
b - Iskenderun's Battles  Conj/Chrm      #####...     17%         5    #####..
c - Iskenderun's Mystic   Conj           #####...     6%          4    ###....


Dungeon Overview and Level Annotations

Branches:
Dungeon (5/15)
 Temple: D:4-7

Altars:
Sif Muna


Message History

You are too injured to fight recklessly!
You are too injured to fight recklessly!
You are too injured to fight recklessly!
Casting: Magic Dart
Confirm with . or Enter, or press ? or * to list all spells.
Aiming: Magic Dart
Press: ? - help, Shift-Dir - straight line, f/p - phantom
Aim: a phantom (almost destroyed)
The magic dart hits the phantom.
The phantom is almost destroyed.
The phantom completely misses you.
Casting: Magic Dart
Confirm with . or Enter, or press ? or * to list all spells.
Aiming: Magic Dart
Press: ? - help, Shift-Dir - straight line, f/p - phantom
Aim: a phantom (severely damaged)
The magic dart hits the phantom.
The phantom is severely damaged.
The phantom hits you!
You die...

#.#### ##.###.........
#####.##########.............
.....................########
####.###########.##..#
.###.###.....)<......#
...).##..#######....##
...#....####........##
.....#### #..........# ..####
#.....@W...# .. ##........##
.. ########## . .


You could see a phantom.

Vanquished Creatures
  A phantom (D:5)
  3 ogres
  A scorpion (D:4)
  An orc wizard (D:4)
  3 hounds
  A worker ant (D:4)
  An iguana (D:5)
  3 adders
  A shadow imp (D:5)
  An ooze (D:5)
  An adder skeleton (D:4)
  4 giant geckos
  5 orcs
  12 bats
  A bat zombie (D:5)
  3 giant cockroaches
  9 goblins
  7 hobgoblins
  4 jackals (D:2)
  4 quokkas
  A ball python (D:4)
  6 giant newts
  12 kobolds
  A quokka skeleton (D:4)
  4 rats
90 creatures vanquished.

Notes
Turn   | Place    | Note
--------------------------------------------------------------
     0 | D:1      | FedoraBrony69, the Deep Elf Conjurer, began the quest for the Orb.
     0 | D:1      | Reached XP level 1. HP: 10/10 MP: 6/6
   349 | D:1      | Reached XP level 2. HP: 15/15 MP: 3/8
   881 | D:2      | Reached XP level 3. HP: 3/19 MP: 0/10
  1284 | D:2      | Found a deep blue altar of Sif Muna.
  1424 | D:2      | Became a worshipper of Sif Muna the Loreminder
  2198 | D:3      | Reached skill level 5 in Conjurations
  2552 | D:4      | Reached XP level 4. HP: 24/24 MP: 6/12
  2559 | D:4      | Reached skill level 5 in Spellcasting
  2576 | D:4      | Learned a level 4 spell: Iskenderun's Mystic Blast
  2612 | D:4      | Noticed a scorpion
  2700 | D:4      | Killed a scorpion
  2700 | D:4      | Reached XP level 5. HP: 28/28 MP: 1/15
  2733 | D:4      | Reached skill level 6 in Spellcasting
  2848 | D:4      | Learned a level 5 spell: Iskenderun's Battlesphere
  2879 | D:4      | Noticed an ogre
  2970 | D:4      | Killed an ogre
  2970 | D:4      | Acquired Sif Muna's first power
  2970 | D:4      | Reached XP level 6. HP: 32/32 MP: 3/17
  3730 | D:5      | Entered Level 5 of the Dungeon
  4062 | D:5      | Reached XP level 7. HP: 18/36 MP: 2/19
  4199 | D:5      | Reached skill level 7 in Spellcasting
  4199 | D:5      | Reached skill level 5 in Charms
  4540 | D:5      | Acquired Sif Muna's second power
  4694 | D:5      | Slain by a phantom

Action                   |  1- 3 |  4- 6 |  7- 9 || total
-------------------------+-------+-------+-------++-------
Melee: Unarmed           |     5 |       |       ||     5
       Club              |    10 |       |       ||    10
       Dagger            |       |    17 |    24 ||    41
 Cast: Magic Dart        |   101 |    68 |    14 ||   183
       Iskenderun's Myst |       |    21 |    14 ||    35
  Use: Scroll            |     2 |     2 |       ||     4
       Potion            |       |     3 |       ||     3
  Eat: Chunk             |     5 |     7 |       ||    12
       Pizza             |       |       |     1 ||     1
       Beef jerky        |       |       |     1 ||     1
